 Dungeon Crawl Stone Soup version 0.19-a0-1170-g18f0c96 (webtiles) character file.

67 bullock the Skirmisher (level 4, 32/39 HPs)
             Began as a Demonspawn Wanderer on Aug 16, 2016.
             Quit the game on level 2 of the Dungeon.
             The game lasted 00:02:31 (1452 turns).

bullock the Skirmisher (Demonspawn Wanderer)        Turns: 1452, Time: 00:02:32

Health: 32/39      AC:  2    Str: 12    XL:     4   Next: 0%
Magic:  4/4        EV: 11    Int: 15    God:
Gold:   40         SH:  0    Dex: 12    Spells: 0 memorised, 3 levels left

rFire  . . .     SeeInvis .     a - +2 spear
rCold  . . .     Gourm    .     c - +0 robe
rNeg   . . .     Faith    .     (no shield)
rPois  .         Spirit   .     (no helmet)
rElec  .         Dismiss  .     (no cloak)
rCorr  .         Reflect  .     (no gloves)
MR     .....     Harm     .     (no boots)
Stlth  +++.......               (no amulet)
                                (no ring)
                                (no ring)

@: no status effects
A: nightstalker 1, spiny 1
a: no special abilities


You were on level 2 of the Dungeon.
You were hungry.

You visited 1 branch of the dungeon, and saw 2 of its levels.

You collected 40 gold pieces.

Inventory:

Hand Weapons
 a - a +2 spear (weapon)
Armour
 c - a +0 robe (worn)
Scrolls
 e - a scroll of immolation {unknown}
 f - a scroll of magic mapping {unknown}
 g - a scroll of remove curse {unknown}
 h - a scroll of teleportation {unknown}
 i - a scroll of recharging {unknown}
 j - a scroll of enchant weapon {unknown}
 k - 2 scrolls of identify {unknown}
Potions
 b - 3 potions of curing
Comestibles
 d - a bread ration


   Skills:
 + Level 5.6 Fighting
 - Level 1.0 Throwing
 - Level 1.0 Stealth
   Level 2.0 Summonings
   Level 1.0 Fire Magic
   Level 1.0 Evocations


You had 3 spell levels left.
You didn't know any spells.

Dungeon Overview and Level Annotations

Branches:
Dungeon (1/15)

Altars:


Innate Abilities, Weirdness & Mutations

You are slightly more attuned to the shadows.
You are partially covered in sharp spines.


Message History

The adder is struck by your spines.
You kill the adder!
No target in view!
No target in view!
k - 2 scrolls labeled UPLOUL KUDUOL (gained 1)
The bat is too close now for your liking.
A bat is nearby!
The bat misses you.
You barely miss the bat. The bat is struck by your spines.
The bat barely misses you. The bat is struck by your spines.
You kill the bat!
You have reached level 4!
You feel clever.
Your demonic ancestry asserts itself...
You slip into the darkness of the dungeon.
Are you sure you want to abandon this character and quit the game? (Confirm with "yes".)
Okay, then.
Saving game... please wait.
Welcome back, bullock the Demonspawn Wanderer.
Press ? for a list of commands and other information.
Are you sure you want to abandon this character and quit the game? (Confirm with "yes".)

#.#####.##########
..###...# ##.....##
.###..#####.......##
.###.## #...<.....#
.##..# #......>..#
....## #.........#
..#### #..†......#
.....#####.........#
.###............@.##
.# #######.....†...#
.## #.......<.# ..#
#.........# #.#
#.........# #.#####
#.........# ......#
##)......## ..###.##
##w....##
.......##############


There were no monsters in sight!

Vanquished Creatures
  4 adders (D:2)
  2 worms (D:2)
  A dart slug (D:2)
  A giant gecko (D:2)
  2 giant cockroaches (D:1)
  3 hobgoblins (D:2)
  3 jackals (D:2)
  A quokka (D:2)
  A ball python (D:2)
  5 bats (D:2)
  A giant newt (D:2)
  A kobold (D:2)
  2 rats (D:2)
27 creatures vanquished.

Notes
Turn   | Place    | Note
-------+----------+-------------------------------------------
     0 | D:1      | bullock the Demonspawn Wanderer began the quest for the Orb.
     0 | D:1      | bullock set off with: a +2 spear, 2 potions of curing, a +0 robe, a bread ration
     0 | D:1      | Reached XP level 1. HP: 19/19 MP: 1/1
    42 | D:1      | You fall through a shaft!
   420 | D:2      | Gained mutation: You are partially covered in sharp spines. [demonic ancestry]
   420 | D:2      | Reached XP level 2. HP: 20/26 MP: 2/2
   678 | D:2      | Reached skill level 5 in Fighting
   678 | D:2      | Reached XP level 3. HP: 28/33 MP: 3/3
  1451 | D:2      | Gained mutation: You are slightly more attuned to the shadows. [demonic ancestry]
  1451 | D:2      | Reached XP level 4. HP: 32/39 MP: 4/4
  1452 | D:2      | Quit the game

Vault maps used:
D:1:      roderic_chinese_lattice_arrival

Skill      XL: |  1  2 |
---------------+-------+-----
Fighting       | 5 |  5.6
Throwing       | |  1.0
Stealth        | |  1.0
Summonings     | |  2.0
Fire Magic     | |  1.0
Evocations     | |  1.0

Action                   |  1- 3 |  4- 6 || total
-------------------------+-------+-------++-------
Melee: Spear             |   103 |       ||   103
  Eat: Chunk             |     1 |       ||     1
Armor: Robe              |    18 |       ||    18
Dodge: Dodged            |    37 |       ||    37
